 Dungeon Crawl Stone Soup version 0.30-a0-626-gd6a5dd7a1f (webtiles) character file.

Game seed: 10625463910942409124

67 Newt the Shooter (level 4, 0/26 HPs)
             Began as a Kobold Hunter on Jan 11, 2023.
             Slain by an orc priest
             ... wielding a +0 whip of freezing
              (1 damage)
             ... on level 2 of the Dungeon.
             The game lasted 00:01:05 (1182 turns).

Newt the Shooter (Kobold Hunter)                    Turns: 1182, Time: 00:01:05

Health: 0/26       AC:  4    Str:  8    XL:     4   Next: 40%
Magic:  4/4        EV: 14    Int: 10    God:
Gold:   130        SH:  0    Dex: 20    Spells: 3/3 levels left

rFire   . . .      SeeInvis +    a - +0 shortbow
rCold   . . .      Faith    .    (shield currently unavailable)
rNeg    . . .      Spirit   .    c - +0 leather armour
rPois   .          Reflect  .    (no helmet)
rElec   .          Harm     .    k - +0 cloak
rCorr   .          Rampage  .    (no gloves)
Will    .....                    (no boots)
Stlth   ++++                     (no amulet)
HPRegen 0.24/turn                h - ring of see invisible
MPRegen 0.09/turn                (no ring)

@: no status effects
A: small, no large weapons, nightstalker 3
a: no special abilities


You were on level 2 of the Dungeon.
You visited 1 branch of the dungeon, and saw 2 of its levels.

You collected 130 gold pieces.

Inventory:

Hand Weapons
 a - a +0 shortbow (weapon)
Armour
 c - a +0 leather armour (worn)
 k - a +0 cloak (worn)
Jewellery
 h - a ring of see invisible (left hand)
Scrolls
 b - a scroll of immolation
 e - a scroll of vulnerability {unknown}
 g - a scroll of butterflies
 i - 2 scrolls of teleportation {unknown}
 j - 2 scrolls of identify
Potions
 d - 2 potions of degeneration
 f - a potion of lignification {unknown}
 l - a potion of heal wounds {unknown}


   Skills:
 - Level 2.1 Fighting
 + Level 6.5 Ranged Weapons
 - Level 2.4 Dodging
 - Level 4.0 Stealth


You had 3 spell levels left.
You didn't know any spells.
Your spell library contained the following spells:

 Spells                   Type           Power      Damage    Failure   Level
 Apportation              Tloc           0%         N/A       50%         1
 Necrotise                Necr           0%         1d4       50%         1
 Summon Small Mammal      Summ           0%         N/A       50%         1


Dungeon Overview and Level Annotations

Branches:
Dungeon (2/15)

Altars:


Innate Abilities, Weirdness & Mutations

You are small and have problems with some larger weapons.
You are completely attuned to the shadows.


Message History

The orc priest completely misses you. The orc hits you with a +2 heavy flail.
The orc closely misses you. The orc priest barely misses you.
You are too injured to fight recklessly!
You are too injured to fight recklessly!
You are too injured to fight recklessly!
You are too injured to fight recklessly!
You are too injured to fight recklessly!
You are too injured to fight recklessly!
You are too injured to fight recklessly!
You are too injured to fight recklessly!
You are too injured to fight recklessly!
You are too injured to fight recklessly!
You are too injured to fight recklessly!
You are too injured to fight recklessly!
You are too injured to fight recklessly!
You are too injured to fight recklessly!
You are too injured to fight recklessly!
You are too injured to fight recklessly!
You are too injured to fight recklessly!
You are too injured to fight recklessly!
Unknown command.
As you read the scroll labelled ATACHO EL ULO, it crumbles to dust.
You hear the tinkle of a tiny bell.
It was a scroll of butterflies.
The orc closely misses you. The orc priest completely misses you.
You swap places.
The orc closely misses you.
The orc priest hits you with a +0 whip of freezing.
* * * LOW HITPOINT WARNING * * *
The orc priest freezes you.
* * * LOW HITPOINT WARNING * * *
The orc closely misses your butterfly.
You shoot an arrow. The arrow barely misses the orc priest.
The orc hits your butterfly with a +0 mace of protection.
Your butterfly dies!
Your butterfly disappears in a burst of colours!
The orc barely misses you. The orc priest closely misses you.
You shoot an arrow. The arrow barely misses the orc priest.
The orc priest hits you with a +0 whip of freezing.
* * * LOW HITPOINT WARNING * * *
The orc priest freezes you.
You die...

#..###...# ........
#..###...# ........
#....#...# .....###
##.#.#...# ........
#.#.#...# ####.###
#..<#...######## #.# #
## #.#.#...#..b.bb#
#.# # .#
#รท#...#..bbbbbo####
####.###
.###.#......b.bb@boobb
........
.#.....###.#bbbbbo####
####.### .#.#.###
#.#.bbbb.# #.# .#.#.#
#.#bb.b.b### #.###
...#.# ##.#..bbb)..#
#.... ...#.#
#......####.## #####
...#.####......# #..#
#### ...#...........#
##.### #...
......###......# #...#
#...


You could see 2 orc priests and 2 orcs.

Vanquished Creatures
  3 adders (D:2)
  2 dart slugs
  An orc (D:2)
  2 endoplasms (D:1)
  4 goblins (D:1)
  4 hobgoblins
  4 jackals (D:1)
  A quokka (D:1)
  4 bats
  4 frilled lizards
  3 kobolds
  4 rats
36 creatures vanquished.

Notes
Turn   | Place    | Note
-------+----------+-------------------------------------------
     0 | D:1      | Newt the Kobold Hunter began the quest for the Orb.
     0 | D:1      | Reached XP level 1. HP: 12/12 MP: 1/1
    84 | D:1      | Reached XP level 2. HP: 17/17 MP: 2/2
   395 | D:1      | Reached XP level 3. HP: 21/21 MP: 3/3
   844 | D:2      | Reached skill level 6 in Ranged Weapons
   844 | D:2      | Reached XP level 4. HP: 25/26 MP: 4/4
  1182 | D:2      | HP: 1/26 [orc priest/+0 whip of freezing (3)]
  1182 | D:2      | Slain by an orc priest

Illustrated notes

Levels and vault maps discovered:
D:1:      roderic_octagonal_star, layout_rooms, skrybe_limestone_x
D:2:      layout_basic, hangedman_abyss_or_decor_stabs

Skill      XL: |  1  2  3 |
---------------+----------+-----
Stealth        | 2 4 |  4.0
Ranged Weapons | 6 |  6.5
Fighting       | |  2.1
Dodging        | |  2.4

Action                   |  1- 3 |  4- 6 || total
-------------------------+-------+-------++-------
 Fire: Shortbow          |    68 |    29 ||    97
  Use: Scroll            |     2 |     1 ||     3
Armor: Leather armour    |    11 |     2 ||    13
Dodge: Dodged            |    41 |    14 ||    55

Table legend: (Time is in decaauts)
 A = Elapsed time spent in this place.
 B = Non-inter-level travel time spent in this place.
 C = Inter-level travel time spent in this place.
 D = Time resting spent in this place.
 E = Time spent auto-exploring this place.
 F = Levels seen in this place.
 G = Mean time per level.
                   A        B        C        D        E       F      G
               +--------+--------+--------+--------+--------+-----+--------+
         Total |   1207 |   1197 |     10 |      0 |    993 |   2 |  603.5 |
       Dungeon |   1207 |   1197 |     10 |      0 |    993 |   2 |  603.5 |
               +--------+--------+--------+--------+--------+-----+--------+

Top non-repeatable levels by time:
     D:1: 618 daAuts
     D:2: 589 daAuts
